 Dungeon Crawl Stone Soup version 0.30-b1-2-g02819fbbbe (webtiles) character file.

Game seed: 9392864469545508385

4548 Weresquid the Basher (level 10, -18/56 HPs)
             Began as a Gargoyle Fighter on Nov 30, 2023.
             Killed from afar by an acid dragon (32 damage)
             ... with a splash of acid
             ... on level 9 of the Dungeon.
             The game lasted 00:19:27 (7045 turns).

Weresquid the Basher (Gargoyle Fighter)             Turns: 7045, Time: 00:19:27

Health: -18/56     AC: 20    Str: 27    XL:     10   Next: 40%
Magic:  10/10      EV:  7    Int:  8    God:
Gold:   790        SH:  6    Dex: 20    Spells: 9/9 levels left

rFire   + . .        s - +9 mace of Upheaval {flame, Str+4}
rCold   + . .        c - +0 buckler
rNeg    + + .        K - +0 plate armour
rPois   ∞            r - +2 helmet
rElec   +            h - scarf {rC+ rF+}
rCorr   .            C - +2 pair of gloves of Beauty {Harm rElec Str-2 Dex+5}
SInv    .            (no boots)
Will    .....        (no amulet) Stlth
                     j - +6 ring of dexterity
HPRegen 0.29/turn    k - ring of positive energy
MPRegen 0.12/turn

%: harm (+30% outgoing, +20% incoming)
@: corroded, studying Fighting
A: sickness immunity, AC +7, negative energy resistance 1, electricity
resistance, torment resistance 1, petrification resistance
a: no special abilities


You were on level 9 of the Dungeon.
You visited 1 branch of the dungeon, and saw 9 of its levels.

You collected 790 gold pieces.

Inventory:

Hand Weapons
 a - a +1 flail of electrocution
 s - the +9 mace of Upheaval (weapon) {flame, Str+4}
   (You found it on level 3 of the Dungeon)

   Str:       It affects your strength (+4).
Missiles
 e - 38 poisoned darts (quivered)
 m - 4 javelins
 y - a throwing net
Armour
 c - a +0 buckler (worn)
 h - a scarf of resistance (worn)
 r - a +2 helmet (worn)
 C - the +2 pair of gloves of Beauty (worn) {Harm rElec Str-2 Dex+5}
   (You acquired it on level 5 of the Dungeon)

   Str:       It affects your strength (-2).
   Dex:       It affects your dexterity (+5).
   rElec:     It insulates you from electricity.
   Harm:      It increases damage dealt and taken.
 K - a +0 plate armour (worn)
Jewellery
 j - a +6 ring of dexterity (left hand)
 k - a ring of positive energy (right hand)
 n - a ring of magical power
 o - a ring of resist corrosion
 E - an amulet of guardian spirit
 H - a ring of flight
Wands
 z - a wand of iceblast (7)
Scrolls
 b - a scroll of fear
 i - a scroll of identify
 p - a scroll of torment
 q - a scroll of magic mapping
 x - a scroll of vulnerability
 D - 2 scrolls of teleportation
 G - a scroll of summoning
 I - a scroll of amnesia
 J - a scroll of brand weapon
Potions
 d - 3 potions of might
 f - 5 potions of haste
 g - 7 potions of curing
 l - 3 potions of mutation
 t - 2 potions of brilliance
 u - a potion of attraction {unknown}
 v - 2 potions of degeneration
 w - 2 potions of heal wounds
 A - a potion of magic
 B - a potion of lignification {unknown}
 F - a potion of flight {unknown}


   Skills:
 - Level 4.0 Fighting
 - Level 12.0 Maces & Flails
 - Level 10.0 Armour
 + Level 4.2 Shields


You had 9 spell levels left.
You didn't know any spells.
Your spell library contained the following spells:

 Spells                   Type           Power      Damage    Failure   Level
 Apportation              Tloc           0%         N/A       99%         1
 Lesser Beckoning         Tloc           0%         N/A       100%        2
 Gell's Gravitas          Tloc           0%         N/A       100%        3
 Teleport Other           Tloc           0%         N/A       100%        3
 Cause Fear               Hex            0%         N/A       100%        4
 Alistair's Intoxication  Tmut/Pois      0%         N/A       100%        5
 Dragon Form              Tmut           0%         N/A       100%        7
 Dragon's Call            Summ           0%         N/A       100%        9


Dungeon Overview and Level Annotations

Branches:
Dungeon (9/15)             Temple (0/1) D:6             Orc (0/2) D:9
   Lair: D:8-11

Altars:
Ashenzari
Dithmenos
Elyvilon
Fedhas
Nemelex Xobeh
Okawaru
Ru
Trog
Wu Jian
Xom

Shops:
D:6 (=


Innate Abilities, Weirdness & Mutations

You are immune to sickness and miasma.
Your stone body is resilient. (AC +7)
You are immune to poison.
You resist negative energy. (rN+)
You are resistant to electric shocks. (rElec)
You are resistant to unholy torment.
You are immune to petrification.


Message History

No target in view!
There is an open door here.
An acid dragon comes into view.
The acid dragon roars!
You hear two shouts!
An acid dragon is nearby!
The acid dragon spits acid at you.
The splash of acid hits you but does no damage.
The acid corrodes you!
A two-headed ogre comes into view.
It is wielding two +0 giant spiked clubs.
The two-headed ogre shouts in stereo!
The acid dragon spits acid at you.
The splash of acid hits you but does no damage.
The acid corrodes you! The acid dragon spits acid at you.
You block the splash of acid.
A centaur comes into view.
You hear a shout!
You hit the acid dragon. You burn the acid dragon.
The acid dragon is lightly wounded.
The acid dragon bites you but does no damage.
The acid dragon barely misses you.
You completely miss the acid dragon.
The acid dragon is lightly wounded.
The acid dragon bites you. The acid dragon claws you.
The two-headed ogre hits you with a +0 giant spiked club!
The two-headed ogre barely misses you.
You hit the acid dragon but do no damage.
The acid dragon is lightly wounded.
Unknown command.
The two-headed ogre attacks as you move away!
The two-headed ogre hits you with a +0 giant spiked club!
* * * LOW HITPOINT WARNING * * *
You block the two-headed ogre's attack.
The acid dragon attacks as you move away!
You block the acid dragon's attack.
The acid dragon claws you but does no damage.
The acid dragon spits acid at you. The splash of acid hits you!!
Ouch! That really hurt!
You die...

#########...†...#.####...
...... ###._.###......#
...... #..†....#.....#
#.#### #...#...#....# #.#
#...#...#....# . ..#
+#######'....#... ###
#........#. ###.......#
.########@........
..................
......OD..........
......c...$#######
...........# ...........#
...........# ...........#
...........#


You could see a two-headed ogre, an acid dragon (catching breath) and a centaur.

Vanquished Creatures
  A kobold demonologist (D:9)
  Prince Ribbit (D:6)
  3 water moccasins
  Edmund (D:6)
  2 orc warriors (D:9)
  A sky beast (D:6)
  5 black bears
  4 ogres
  A centaur (D:6)
  A phantom (D:5)
  3 kobold brigands
  2 bullfrogs
  3 scorpions
  4 wights (D:6)
  A jelly (D:5)
  An electric eel (D:6)
  6 howler monkeys
  4 crimson imps (D:5)
  4 hounds
  A gnoll bouda (D:6)
  6 orc priests
  4 sleepcaps
  7 iguanas
  10 orc wizards
  6 adders
  4 gnolls (D:6)
  2 white imps (D:7)
  An ufetubus (D:5)
  5 worms
  A dart slug (D:1)
  52 orcs
  8 endoplasms
  3 giant cockroaches
  9 goblins
  8 hobgoblins
  A quokka (D:5)
  6 ball pythons
  7 bats
  3 frilled lizards
  23 kobolds
  3 rats
218 creatures vanquished.

Vanquished Creatures (collateral kills)
  A black bear (D:7)
  An orc (D:7)
2 creatures vanquished.

Grand Total: 220 creatures vanquished

Notes
Turn   | Place    | Note
-------+----------+-------------------------------------------
     0 | D:1      | Weresquid the Gargoyle Fighter began the quest for the Orb.
     0 | D:1      | Reached XP level 1. HP: 14/14 MP: 1/1
   374 | D:1      | Reached XP level 2. HP: 12/19 MP: 2/2
   399 | D:1      | Found a faded altar of an unknown god.
   750 | D:2      | Reached XP level 3. HP: 23/23 MP: 3/3
   842 | D:2      | Reached XP level 4. HP: 26/29 MP: 4/4
  1025 | D:2      | Reached skill level 3 in Maces & Flails
  1422 | D:2      | Identified a scroll of acquirement
  1422 | D:2      | Acquired a manual of Fighting
  1536 | D:3      | Identified the +9 mace of Upheaval {flame, Str+4}
  1581 | D:3      | Identified the +0 cloak of the Pink Corner {Harm rF- Will-
                  | SInv}
  1594 | D:3      | Found an ornate altar of the Wu Jian Council.
  1692 | D:3      | Found a blossoming altar of Fedhas.
  1811 | D:3      | Reached XP level 5. HP: 33/33 MP: 5/5
  1820 | D:3      | Reached skill level 4 in Maces & Flails
  2241 | D:3      | Found a bloodstained altar of Trog.
  2331 | D:4      | Reached skill level 5 in Maces & Flails
  2331 | D:4      | Reached XP level 6. HP: 15/38 MP: 6/6
  2437 | D:4      | Reached skill level 6 in Maces & Flails
  2487 | D:4      | Reached XP level 7. HP: 43/43 MP: 7/7
  2888 | D:4      | You fall into a shaft and drop 2 floors!
  2905 | D:6      | Reached skill level 7 in Maces & Flails
  3022 | D:6      | Reached skill level 8 in Maces & Flails
  3106 | D:5      | Entered Level 5 of the Dungeon
  3120 | D:5      | Found an iron altar of Okawaru.
  3128 | D:5      | Reached XP level 8. HP: 44/48 MP: 8/8
  3187 | D:5      | Identified the +0 leather armour of the Sky {Rampage Dex+3
                  | SInv Stlth+}
  3346 | D:5      | Found a shadowy altar of Dithmenos.
  3383 | D:5      | Reached skill level 9 in Maces & Flails
  3572 | D:5      | Acquired the +2 pair of gloves of Beauty {Harm rElec Str-2
                  | Dex+5}
  3610 | D:5      | Identified the +7 whip "Qikhon" {heavy, rN+ Will+ Dex+5}
  3688 | D:5      | Reached skill level 10 in Maces & Flails
  3730 | D:5      | Found a shimmering altar of Xom.
  3898 | D:5      | Reached XP level 9. HP: 52/52 MP: 9/9
  3901 | D:5      | Reached skill level 11 in Maces & Flails
  4542 | D:6      | Found a staircase to the Ecumenical Temple.
  4543 | D:6      | Noticed Edmund
  4553 | D:6      | Killed Edmund
  4637 | D:6      | Noticed Prince Ribbit
  4653 | D:6      | Killed Prince Ribbit
  4710 | D:6      | Reached skill level 12 in Maces & Flails
  4774 | D:6      | Reached skill level 5 in Armour
  4833 | D:6      | Found a sparkling altar of Nemelex Xobeh.
  4925 | D:6      | Found Kuxzyse's Jewellery Shoppe.
  4954 | D:6      | Found Bynou's Weapon Boutique.
  5603 | D:7      | Reached XP level 10. HP: 52/56 MP: 10/10
  6018 | D:7      | Found a broken altar of Ashenzari.
  6842 | D:9      | Found a white marble altar of Elyvilon.
  6909 | D:9      | Noticed a kobold demonologist
  6920 | D:9      | Killed a kobold demonologist
  6927 | D:9      | Found a staircase to the Orcish Mines.
  6940 | D:9      | Reached skill level 10 in Armour
  7018 | D:9      | Found a sacrificial altar of Ru.
  7038 | D:9      | Noticed a two-headed ogre
  7045 | D:9      | Killed from afar by an acid dragon

Illustrated notes

Levels and vault maps discovered:
D:1:      heliophobic_arrival_ceremonial_halls, layout_basic,
          basic_ecumenical_altar
D:2:      cheibrodos_pilgrimage, layout_basic
D:3:      layout_loops_corners, lightli_temple_of_fire, amcnicky_altar_gilded,
          mainiacjoe_overflow_tiny_flanked
D:4:      layout_rooms, kennysheep_potato
D:5:      layout_loops_corners, led_xom_imps, mainiacjoe_overflow_alcove_2,
          old_standard_altar, minmay_misc_feat_five, st_stairs_3,
          kennysheep_diamond
D:6:      layout_loops_cross, nemelex_dance_club_becter,
          minmay_temple_entry_large_hall, nicolae_wooded_promenade, uniq_edmund,
          uniq_prince_ribbit1
D:7:      layout_loops_corners, nicolae_ashenzari_skybound,
          chequers_serial_rivers_marsh
D:8:      layout_rooms
D:9:      layout_long_grid, mainiacjoe_overflow_alcove_4,
          nicolae_ru_great_annihilating_truth,
          nicolae_kikubaaqudgha_miasma_corner, orc_david_3,
          minmay_misc_feat_square, amethyst_killhole, nicolae_shop_unique_rings

Skill      XL: |  1  2  3  4  5  6  7  8  9 10 |
---------------+-------------------------------+-----
Fighting       | 4 |  4.0
Maces & Flails | 3 5 6 8 10 12 | 12.0
Armour         | 4 7 10 | 10.0
Shields        | 4 |  4.2

Action                     |  1- 3 |  4- 6 |  7- 9 | 10-12 || total
---------------------------+-------+-------+-------+-------++-------
  Melee: Flail             |    78 |    91 |       |       ||   169
         Mace              |       |    40 |   231 |   110 ||   381
    Use: Scroll            |       |    10 |     6 |     5 ||    21
         Potion            |       |       |     1 |       ||     1
   Stab: Sleeping          |       |       |     3 |     1 ||     4
         Paralysed         |       |       |       |     1 ||     1
 Armour: Scale mail        |    59 |    81 |    69 |       ||   209
         Skin              |       |       |    17 |     2 ||    19
         Plate armour      |       |       |       |    37 ||    37
         Chain mail        |       |       |       |    32 ||    32
  Dodge: Dodged            |    36 |    67 |    69 |    35 ||   207
  Block: Buckler           |    20 |    33 |    45 |    32 ||   130
